 Dungeon Crawl Stone Soup version 0.29.1-12-g30fa7ad0bf (webtiles) character file.

Game seed: 15620950483781313749

494 croobank the Fighter (level 6, -1/63 HPs)
             Began as a Demonspawn Conjurer on Dec 28, 2022.
             Was a Plaything of Xom.
             Slain by a wyvern (19 damage)
             ... on level 7 of the Dungeon.
             The game lasted 00:13:27 (4107 turns).

croobank the Fighter (Demonspawn Conjurer)          Turns: 4107, Time: 00:13:27

Health: -1/63      AC:  3    Str:  7    XL:     6   Next: 92%
Magic:  4/10       EV: 12    Int: 22    God:    Xom [.*....]
Gold:   169        SH:  0    Dex: 11    Spells: 5/11 levels left

rFire   . . .      SeeInvis .   c - +3 short sword
rCold   . . .      Faith    .   (no shield)
rNeg    . . .      Spirit   .   a - +0 robe
rPois   .          Reflect  .   (helmet restricted)
rElec   .          Harm     .   (no cloak)
rCorr   .          Rampage  .   (no gloves)
Will    .....                   l - +0 pair of boots
Stlth   ++........              (no amulet)
HPRegen 0.20/turn               (no ring)
MPRegen 0.12/turn               (no ring)

@: brilliant, flying
A: antennae 1, powered by pain 1, demonic magic 1, claws 1
a: Renounce Religion


You were on level 7 of the Dungeon.
You worshipped Xom.
You were a plaything of Xom.
You visited 1 branch of the dungeon, and saw 7 of its levels.

You collected 169 gold pieces.

Inventory:

Hand Weapons
 c - a +3 short sword (weapon)
 f - a +0 spear of venom
 g - a +0 sling
 j - a +1 dagger of venom
 q - a +0 vampiric short sword
Armour
 a - a +0 robe (worn)
 l - a +0 pair of boots (worn)
Magical Staves
 p - a staff of earth
Jewellery
 d - a ring of magical power
Scrolls
 i - a scroll of teleportation
 m - 3 scrolls of blinking
Potions
 b - a potion of magic
 e - 4 potions of attraction
 k - 2 potions of heal wounds
 r - a potion of haste {unknown}
 s - a potion of curing {unknown}
 t - a potion of cancellation {unknown}
 u - a potion of degeneration {unknown}


   Skills:
 - Level 11.7 Fighting
 + Level 3.2 Dodging
 + Level 3.3 Stealth
 + Level 3.2 Spellcasting
 + Level 5.0 Conjurations


You had 5 spell levels left.
You knew the following spells:

 Your Spells              Type           Power      Damage    Failure   Level
a - Magic Dart            Conj           100%       1d8       1%          1
b - Searing Ray           Conj           76%        2d7       2%          2
c - Dazzling Flash        Conj/Hex       42%        N/A       13%         3

Your spell library contained the following spells:

 Spells                   Type           Power      Damage    Failure   Level
 Fulminant Prism          Conj/Hex       10%        3d9       41%         4
 Iskenderun's Mystic Bla  Conj/Tloc      21%        2d6       41%         4


Dungeon Overview and Level Annotations

Branches:
Dungeon (8/15)             Temple (0/1) D:7            Lair (0/5) D:8

Altars:
Okawaru
Qazlal
Xom

Annotations:
D:4 Pikel
D:7 Dowan, Duvessa


Innate Abilities, Weirdness & Mutations

You have a pair of small antennae on your head.
You sometimes gain a little power by taking damage.
Spells you cast may paralyse adjacent enemies.
You have sharp fingernails.


Message History

Casting: Dazzling Flash (dangerous; 13% risk of failure)
Press: ? - help, Dir - look around, f - activate You feel a surge of power!
Malevolent energies surge around you.
The scorpion suddenly stops moving!
The wyvern hisses angrily.
You feel sick.
The helpless scorpion fails to defend itself.
You hit the scorpion.
The scorpion is moderately wounded.
You feel sick.
The helpless scorpion fails to defend itself.
You puncture the scorpion!
The scorpion is severely wounded.
You feel sick.
The helpless scorpion fails to defend itself.
You hit the scorpion.
The scorpion is almost dead.
You feel sick.
The helpless scorpion fails to defend itself.
You hit the scorpion.
You kill the scorpion!
You feel sick. The wyvern bites you! The wyvern completely misses you.
Your Conjurations skill increases to level 5!
Casting: Dazzling Flash (dangerous; 13% risk of failure)
Confirm with . or Enter, or press ? or * to list all spells.
Aiming: Searing Ray (safe; 2% risk of failure)
Press: ? - help, Shift-Dir - straight line, f - wyvern
Aim: a wyvern (81% to hit)
You feel a surge of power!
The searing ray hits the wyvern!
The wyvern is heavily wounded. (Press . to maintain the ray.) Malevolent energies surge around you.
You feel sick.
You are no longer poisoned.
The wyvern closely misses you.
The searing ray hits the wyvern.
The wyvern is severely wounded.
You almost hear Xom's maniacal laughter.
The floor seems to rush up at you! The wyvern bites you!!
You die...
Xom is highly amused!

, * #.#
#..#...#.# +*
#...#..#####.# ,
* #
#..!...#.....# ,
#.#.#.##.#.#####
....[.......#
.#.#....#.#.# *
........#.#.# ,
###.##l#.#.# # ,
.......@.#..
......###### ,
...... , ..... *
..... * .. , . ,


You could see a wyvern.

Vanquished Creatures
  A lemure (D:4)
  2 scorpions
  An orc wizard (D:3)
  Robin (D:3)
  3 adders
  4 worms
  3 dart slugs
  6 orcs
  4 endoplasms
  18 goblins
  9 hobgoblins
  7 jackals
  A quokka (D:2)
  4 ball pythons
  8 bats
  2 frilled lizards
  8 rats
82 creatures vanquished.

Notes
Turn   | Place    | Note
-------+----------+-------------------------------------------
     0 | D:1      | croobank the Demonspawn Conjurer began the quest for the
                  | Orb.
     0 | D:1      | Reached XP level 1. HP: 13/13 MP: 3/3
   303 | D:1      | Gained mutation: Spells you cast may paralyse adjacent
                  | enemies. [demonic ancestry]
   303 | D:1      | Reached XP level 2. HP: 17/19 MP: 5/5
   306 | D:1      | Learned a level 2 spell: Searing Ray
  1197 | D:2      | Reached XP level 3. HP: 24/24 MP: 0/6
  1201 | D:2      | Learned a level 3 spell: Dazzling Flash
  2000 | D:3      | Found a faded altar of an unknown god.
  2013 | D:3      | Prayed at the altar of an unknown god.
  2013 | D:3      | Became a worshipper of Xom of Chaos
  2173 | D:3      | XOM: silly message
  2199 | D:3      | Reached XP level 4. HP: 27/30 MP: 4/7
  2237 | D:3      | Noticed Robin
  2247 | D:3      | Killed Robin
  2250 | D:3      | XOM: potion effect (invisibility)
  2271 | D:3      | XOM: silly message
  2449 | D:3      | XOM: cloud trail
  2713 | D:3      | Gained mutation: You have a pair of small antennae on your
                  | head. [demonic ancestry]
  2713 | D:3      | Reached XP level 5. HP: 32/35 MP: 5/9
  2954 | D:3      | Found a stormy altar of Qazlal.
  2956 | D:3      | Found an iron altar of Okawaru.
  3428 | D:4      | XOM: cloud trail
  3601 | D:4      | Noticed a lemure
  3601 | D:4      | Noticed a lemure
  3602 | D:4      | Noticed Pikel
  3614 | D:4      | Noticed a lemure
  3616 | D:4      | Killed a lemure
  3700 | D:5      | Entered Level 5 of the Dungeon
  3863 | D:5      | XOM: 2-stop teleportation journey
  3864 | D:5      | You fall into a shaft and drop 3 floors!
  3884 | D:8      | Reached skill level 11 in Fighting
  3884 | D:8      | Gained mutation: You sometimes gain a little power by
                  | taking damage. [demonic ancestry]
  3884 | D:8      | Reached XP level 6. HP: 63/63 MP: 10/10
  3895 | D:8      | Found a staircase to the Lair.
  3974 | D:7      | Noticed Duvessa
  3974 | D:7      | Noticed Dowan
  3995 | D:7      | Noticed a two-headed ogre
  3997 | D:7      | XOM: divination: magic mapping
  4000 | D:7      | XOM: smoke on damage
  4006 | D:7      | Noticed an orc warrior
  4008 | D:7      | Noticed a sky beast
  4008 | D:7      | Noticed a kobold demonologist
  4079 | D:7      | Found a staircase to the Ecumenical Temple.
  4079 | D:7      | XOM: 2-stop teleportation journey
  4087 | D:7      | XOM: give mutation
  4087 | D:7      | Gained mutation: You have sharp fingernails. [Xom's
                  | mischief]
  4092 | D:7      | XOM: confusion (+ monsters)
  4094 | D:7      | XOM: noise
  4096 | D:7      | Noticed a wyvern
  4106 | D:7      | Reached skill level 5 in Conjurations
  4107 | D:7      | XOM: silly message
  4107 | D:7      | Slain by a wyvern

Illustrated notes

Levels and vault maps discovered:
D:1:      enne_arrival_octagon_isle, layout_loops_ring, minmay_tripent
D:2:      layout_basic
D:3:      layout_basic, nicolae_overflow_hidden_temple,
          hellmonk_ecumenical_altar_heavens_door, uniq_robin
D:4:      cheibrodos_barr_body, layout_basic, mainiacjoe_overflow_alcove_1,
          minmay_ruptured, uniq_pikel
D:5:      layout_cave_pools, serial_gnoll_camp, gnoll_camp_mini_house,
          gnoll_camp_mini_basic, gnoll_camp_mini_loothouse,
          gnoll_camp_mini_house, gnoll_camp_mini_hut
D:7:      cheibrodos_fzero, layout_basic, gammafunk_temple_overflow_statue,
          minmay_temple_entry_mini_moons, uniq_duvessa
D:8:      gammafunk_indiana_jones, layout_rooms,
          mainiacjoe_overflow_tiny_flanked, lair_entry_dummy,
          nicolae_shop_dragon_depot, kennysheep_small_circle

Skill      XL: |  1  2  3  4  5  6 |
---------------+-------------------+-----
Stealth        | 2 3 |  3.3
Dodging        | 2 3 |  3.2
Spellcasting   | 3 |  3.2
Fighting       | 11 | 11.7
Conjurations   | 5 |  5.0

Action                   |  1- 3 |  4- 6 || total
-------------------------+-------+-------++-------
Melee: Short sword       |    42 |    55 ||    97
       Punch             |       |     1 ||     1
 Cast: Magic Dart        |    20 |    16 ||    36
       Searing Ray       |    20 |    15 ||    35
       Dazzling Flash    |       |     5 ||     5
  Use: Scroll            |       |    12 ||    12
       Potion            |       |     3 ||     3
 Stab: Sleeping          |     5 |     3 ||     8
       Paralysed         |     2 |     8 ||    10
       Invisible         |       |     1 ||     1
Armor: Robe              |     8 |     6 ||    14
Dodge: Dodged            |    33 |    30 ||    63
